cohdb
Replays
Latest Replays
All Replays
Popular Replays
Top Player Replays
Match Explorer
How It Works
Community
CoH3 Stats
Reddit
Sign in to upload your games and track your stats! →
Sign in with Steam
Match 22797112
Unlisted
Match 22797112
Overview
Messages
Build Orders
End
Selects Italian Coastal Battlegroup
Selects Coastal Reserves
Coastal Reserve
Selects Artillery Officer
Selects Coastal Wall
Selects Support Bunkers
Selects Rapid Fortifications
Construct Infanterie Kompanie
MG 42 Machine Gun Team
Artillery Officer
Medical Bunker
Selects Bulwark
Rapid Fortifications
Rapid Fortifications
Coastal Reserve
Medical Bunker
Rapid Fortifications
Medical Bunker
Repair Bunker
Rapid Fortifications
Medical Bunker
Repair Bunker
MG 42 Bunker
MG 42 Bunker
Rapid Fortifications
Anti-tank Bunker
Ripsy
CPU - Easy
0
0
Comments
sign in to comment!
No comments posted yet!